 Dungeon Crawl Stone Soup version 0.27-a0-652-g2d5cf1dcd3 (webtiles) character file.

Game seed: 14871218842024007145

9486 arembeh the Cleaver (level 11, -1/100 HPs)
             Began as a Hill Orc Fighter on Mar 15, 2021.
             Was a Plaything of Xom.
             Succumbed to anet's ghost's poison
             ... on level 10 of the Dungeon on Mar 16, 2021.
             The game lasted 01:18:36 (16078 turns).

arembeh the Cleaver (Hill Orc Fighter)             Turns: 16078, Time: 01:18:36

Health: -1/100     AC: -4    Str: 19    XL:     11   Next: 47%
Magic:  11/11      EV:  9    Int:  8    God:    Xom [.*....]
Gold:   760        SH:  0    Dex: 10    Spells: 10/10 levels left

rFire    . . .     SeeInvis .   Q - +5 scimitar (freeze)
rCold    . . .     Faith    .   c - +0 kite shield
rNeg     . . .     Spirit   .   E - +1 plate armour
rPois    .         Reflect  .   (helmet restricted)
rElec    .         Harm     .   (no cloak)
rCorr    .         Rampage  .   (no gloves)
Will     .....                  (no boots)
Stlth    ..........             (no amulet)
HPRegen  0.26/turn              e - +4 ring of slaying
MPRegen  0.12/turn              s - +4 ring of evasion

@: confused, lethally poisoned (-1 -> -15), corroded
A: hooves 1, horns 1, thin skeletal structure 1, blurry vision 1, clumsy 1,
screaming 1, weak 2, wild magic 1, MP-powered wands
a: Renounce Religion


You were on level 10 of the Dungeon.
You worshipped Xom.
You were a plaything of Xom.
You visited 1 branch of the dungeon, and saw 10 of its levels.

You collected 760 gold pieces.

Inventory:

Hand Weapons
 b - a +0 war axe
 t - a +2 quarterstaff of chaos
 J - a +2 spear of venom
 K - a +2 vampiric war axe
 Q - a +5 scimitar of freezing (weapon)
 U - a +0 shortbow
Missiles
 g - 103 poisoned darts (quivered)
 x - 8 atropa-tipped darts
 y - 232 arrows
 C - 7 curare-tipped darts
 W - 8 datura-tipped darts
Armour
 c - a +0 kite shield (worn)
 f - the +0 robe of Xeucre {MP-9 Str+6}
   (You found it on level 10 of the Dungeon)

   It affects your strength (+6).
   It affects your magic capacity (-9).
 k - a +2 leather armour of cold resistance
 m - the +0 robe of the Monk {Str+2 Dex+2}
   (You found it on level 4 of the Dungeon)

   It affects your strength (+2).
   It affects your dexterity (+2).
 E - a +1 plate armour (worn)
 P - the +3 leather armour of Lust {rPois rF- rC+++ MP-9}
   (You found it on level 7 of the Dungeon)

   It makes you vulnerable to fire.
   It renders you almost immune to cold.
   It protects you from poison.
   It affects your magic capacity (-9).
 X - a +0 ring mail
Magical Staves
 G - a staff of poison
 H - a staff of cold
Jewellery
 e - a +4 ring of slaying (right hand)
 o - a ring of protection from fire
 s - a +4 ring of evasion (left hand)
 D - a +4 ring of protection
 F - a ring of magical power
 O - a +6 ring of dexterity
Wands
 a - a wand of paralysis (11)
 L - a wand of acid (18)
 M - a wand of charming (4)
 S - a wand of polymorph (9)
 T - a wand of random effects (23)
 Y - a wand of iceblast (14)
Scrolls
 h - 10 scrolls of identify
 r - 8 scrolls of teleportation
 w - 2 scrolls of immolation
 z - 4 scrolls of amnesia
 A - 4 scrolls of fear
 B - a scroll of fog
 N - a scroll of torment
 V - a scroll of magic mapping
 Z - a scroll of enchant armour
Potions
 d - a potion of might
 j - a potion of curing
 q - 2 potions of flight
 I - 2 potions of lignification
 R - a potion of brilliance


   Skills:
 + Level 10.2 Fighting
 + Level 0.1 Long Blades
 + Level 14.2 Axes
 + Level 9.4 Armour
 + Level 2.1 Dodging
 + Level 0.8 Stealth
 + Level 8.2 Shields


You had 10 spell levels left.
You didn't know any spells.
Your spell library was empty.

Dungeon Overview and Level Annotations

Branches:
Dungeon (10/15)            Temple (0/1) D:4
   Lair: D:8-11         Orc: D:9-12

Altars:
Ashenzari
Elyvilon
Gozag
Hepliaklqana
Nemelex Xobeh
Okawaru
Uskayaw
Vehumet
Xom
Yredelemnul
Zin
The Shining One

Shops:
D:6 *=

Annotations:
D:10 anet's ghost, journeyman GnWz


Innate Abilities, Weirdness & Mutations

You have large cloven feet.
You have a pair of small horns on your head.
You have a somewhat thin skeletal structure. (Dex +2, Stealth)
Scrolls take you a little longer to read.
You are clumsy. (Dex -2)
You occasionally shout uncontrollably at your foes.
You are very weak. (Str -4)
Your spells are a little harder to cast, but a little more powerful.
You expend magic power (3 MP) to strengthen your wands.


Message History

The rust devil is almost dead.
Anet's ghost gestures at you while chanting.
The magic dart hits you!
* * * LOW HITPOINT WARNING * * *
Your plate armour prevents you from hitting the rust devil.
You kick the rust devil, but do no damage.
You headbutt the rust devil, but do no damage.
The rust devil is almost dead.
Anet's ghost is no longer covered in acid.
The rust devil hits you!
* * * LOW HITPOINT WARNING * * *
The rust devil corrodes you!
You feel better. The rust devil hits you!
* * * LOW HITPOINT WARNING * * *
The rust devil corrodes you!
The rust devil disappears in a puff of smoke!
The iron imp shouts, "Give up, thou impertinent full-gorged surfacer!"
You begin reading the scroll.
You continue reading the scroll.
The iron imp is no longer covered in acid.
Blink to where?
Press: ? - help, Dir - move target
As you read the scroll of blinking, it crumbles to dust.
Found 2 scrolls of magic mapping.
Anet's ghost casts a spell.
Anet's ghost blinks!
Xom titters.
You are confused.
You are now a plaything of Xom.
You bump into the rock wall.
Anet's ghost hits you.
* * * LOW HITPOINT WARNING * * *
You are poisoned.
You feel sick.
Anet's ghost says, "You will never get the ORB!"
You don't know any spells.
You bump into the rock wall.
You feel sick. Anet's ghost hits you.
* * * LOW HITPOINT WARNING * * *
You are more poisoned.
You bump into the rock wall.
You die...
Xom guffaws!

#.......# #.......# ..
####.#.## ####.#### #....#
#...>...# .. ...# ###.##.##.#
#.# .#.# ##.####
#.........###.##.#.# #.. ...
####.#.# #...W......... ... .#.
#.......##.#.#@#.##.#.###.##>#.
###.##.#.?.$...#.#.##.#.
#.......
.W5ยง...##.##.###.#.....
#....... ..5.#........#
#.##.#.# #.....##
#####.###.#### #.##.#.#
#....... ##........# #......#
#.#.#.#. ##.##!###$##
###...#####.#.#.#. 5..W..# #..#
#.(.)<))[)..)... ...#### #..#
#####...#####.###.#.


You could see anet's ghost.

Vanquished Creatures
  2 two-headed ogres
  Maurice (D:8)
  An ugly thing (D:7)
  Psyche (D:8)
  A hornet (D:9)
  2 trolls (D:9)
  A centaur simulacrum (D:10)
  4 yaks (D:9)
  A water moccasin (D:9)
  6 orc warriors
  2 sky beasts (D:7)
  4 ice beasts
  7 ogres
  6 centaurs
  3 phantoms
  2 kobold brigands
  3 bullfrogs
  A wyvern zombie (D:10)
  A hornet simulacrum (D:10)
  3 scorpions
  18 killer bees
  A howler monkey (D:6)
  6 wights
  A bullfrog zombie (D:6)
  2 centaur zombies
  2 jellies (D:10)
  Crazy Yiuf (D:2)
  A centaur skeleton (D:6)
  10 hounds
  A quasit (D:10)
  2 bullfrog skeletons
  7 orc priests
  3 iguanas
  11 orc wizards
  9 worker ants
  A bullfrog simulacrum (D:10)
  2 hound zombies
  A hound skeleton (D:6)
  2 worker ant zombies
  6 gnolls (D:7)
  8 adders
  4 river rats (D:7)
  4 shadow imps
  4 white imps
  An ufetubus (D:5)
  3 oozes
  4 adder skeletons
  A dart slug (D:2)
  6 leopard geckos
  46 orcs
  A ball python (D:1)
  5 giant cockroaches
  8 goblins
  13 hobgoblins
  10 jackals
  18 kobolds
  6 quokkas
  5 bats
  7 frilled lizards
  A giant cockroach zombie (D:5)
  A leopard gecko zombie (D:8)
  A quokka skeleton (D:9)
  5 rats
  A spectral kobold (D:3)
302 creatures vanquished.

Vanquished Creatures (collateral kills)
  A yak (D:9)
  An orc priest (D:9)
2 creatures vanquished.

Vanquished Creatures (others)
  A dancing weapon (D:9)
  5 orcs (D:10)
  A kobold (D:10)
  79 plants (D:7)
86 creatures vanquished.

Grand Total: 390 creatures vanquished

Notes
Turn   | Place    | Note
-------+----------+-------------------------------------------
     0 | D:1      | arembeh the Hill Orc Fighter began the quest for the Orb.
     0 | D:1      | Reached XP level 1. HP: 19/19 MP: 1/1
    55 | D:1      | Reached XP level 2. HP: 26/27 MP: 2/2
   278 | D:1      | Reached skill level 3 in Axes
   467 | D:1      | Reached XP level 3. HP: 33/33 MP: 3/3
   679 | D:1      | You fall into a shaft and drop 1 floor!
  1544 | D:2      | Found a runed translucent door.
  1545 | D:2      | Noticed Crazy Yiuf
  1554 | D:2      | Killed Crazy Yiuf
  1555 | D:2      | Reached skill level 4 in Axes
  1555 | D:2      | Reached XP level 4. HP: 41/41 MP: 4/4
  2151 | D:2      | Found a shimmering altar of Xom.
  2165 | D:2      | Became a worshipper of Xom of Chaos
  2434 | D:2      | XOM: divination: detect items
  2578 | D:3      | Reached XP level 5. HP: 26/47 MP: 5/5
  2725 | D:3      | Found an opulent altar of Gozag.
  2731 | D:3      | Found a hide-covered altar of Uskayaw.
  2860 | D:3      | XOM: divination: detect creatures
  2961 | D:3      | Reached skill level 5 in Axes
  3268 | D:3      | Found a hazy altar of Hepliaklqana.
  3482 | D:3      | Reached skill level 5 in Fighting
  3770 | D:3      | Found a glowing golden altar of the Shining One.
  3840 | D:4      | Reached XP level 6. HP: 55/56 MP: 6/6
  3844 | D:4      | Reached skill level 6 in Axes
  3852 | D:4      | XOM: silly message
  3923 | D:4      | Reached XP level 7. HP: 30/61 MP: 7/7
  4004 | D:4      | XOM: divination: detect items
  4067 | D:4      | Reached skill level 1 in Dodging
  4135 | D:4      | XOM: silly message
  4180 | D:4      | Identified the +0 robe of the Monk {Str+2 Dex+2}
  4296 | D:4      | XOM: potion effect (invisibility)
  4300 | D:4      | Reached skill level 7 in Axes
  4670 | D:4      | XOM: divination: detect items
  4785 | D:4      | Found a staircase to the Ecumenical Temple.
  4836 | D:4      | XOM: potion effect (brilliance)
  5102 | D:5      | Entered Level 5 of the Dungeon
  5107 | D:5      | XOM: potion effect (berserk rage)
  5116 | D:5      | Reached skill level 5 in Armour
  5468 | D:5      | XOM: potion effect (heal wounds)
  5491 | D:5      | Reached skill level 8 in Axes
  5563 | D:5      | Reached XP level 8. HP: 70/70 MP: 8/8
  5592 | D:5      | XOM: silly message
  5632 | D:5      | XOM: silly message
  5740 | D:5      | Reached skill level 5 in Shields
  5843 | D:5      | Found a white marble altar of Elyvilon.
  6113 | D:5      | Found an iron altar of Okawaru.
  6541 | D:5      | XOM: noise
  6684 | D:5      | XOM: cloud trail
  6764 | D:5      | XOM: noise
  6767 | D:5      | Reached skill level 9 in Axes
  6956 | D:6      | Gained mutation: You have a pair of small horns on your
                  | head. [potion of mutation]
  6956 | D:6      | Gained mutation: Your mind is acute. (Int +2) [potion of
                  | mutation]
  6990 | D:6      | Found Ygapnyoc's General Store.
  7398 | D:6      | XOM: 1-stop teleportation journey
  7447 | D:6      | XOM: give mutations
  7447 | D:6      | Gained mutation: You are weak. (Str -2) [Xom's mischief]
  7447 | D:6      | Gained mutation: You expend magic power (3 MP) to
                  | strengthen your wands. [Xom's mischief]
  7447 | D:6      | Gained mutation: Your spells are a little harder to cast,
                  | but a little more powerful. [Xom's mischief]
  7491 | D:6      | Reached skill level 10 in Axes
  7491 | D:6      | Reached XP level 9. HP: 55/78 MP: 9/9
  7492 | D:6      | XOM: confusion (+ monsters)
  7497 | D:6      | XOM: confusion (+ monsters)
  7755 | D:6      | Upgraded the game from 0.27-a0-637-g3a9f0a9c12 to
                  | 0.27-a0-652-g2d5cf1dcd3
  7776 | D:6      | Found Tiedalil's Jewellery Boutique.
  7786 | D:6      | XOM: fake destruction
  8207 | D:6      | XOM: summons 7 friendly demons
  8326 | D:6      | XOM: stat loss: -1 Int (9/10)
  8447 | D:6      | Found a basalt altar of Yredelemnul.
  8874 | D:7      | Reached skill level 11 in Axes
  8900 | D:7      | XOM: silly message
  9166 | D:7      | XOM: potion effect (haste)
  9170 | D:7      | XOM: blink monster(s)
  9494 | D:7      | Found a sparkling altar of Nemelex Xobeh.
  9994 | D:7      | XOM: give mutations
  9994 | D:7      | Gained mutation: Scrolls take you a little longer to read.
                  | [Xom's mischief]
  9994 | D:7      | Lost mutation: Your mind is acute. (Int +2) [Xom's
                  | mischief]
  9994 | D:7      | Gained mutation: You are very weak. (Str -4) [Xom's
                  | mischief]
 10008 | D:7      | XOM: summons 1 hostile shadow creature
 10018 | D:7      | XOM: give mutations
 10018 | D:7      | Lost mutation: You have a pair of small horns on your head.
                  | [Xom's mischief]
 10018 | D:7      | Lost mutation: Scrolls take you a little longer to read.
                  | [Xom's mischief]
 10018 | D:7      | Gained mutation: Your body sometimes deteriorates upon
                  | taking damage. [Xom's mischief]
 10018 | D:7      | Gained mutation: You have large cloven feet. [Xom's
                  | mischief]
 10396 | D:7      | XOM is BORED!
 10396 | D:7      | XOM: noise
 10759 | D:7      | Identified the +3 leather armour of Lust {rPois rF- rC+++
                  | MP-9}
 10766 | D:7      | XOM: summons 4 hostile shadow creatures
 10813 | D:7      | Noticed a cyan ugly thing
 10820 | D:7      | XOM: swap monsters
 10822 | D:7      | XOM: give mutations
 10822 | D:7      | Lost mutation: Your body sometimes deteriorates upon taking
                  | damage. [Xom's mischief]
 10822 | D:7      | Gained mutation: You are clumsy. (Dex -2) [Xom's mischief]
 10822 | D:7      | Gained mutation: You occasionally shout uncontrollably at
                  | your foes. [Xom's mischief]
 10823 | D:7      | XOM: cleaving
 10824 | D:7      | Killed a cyan ugly thing
 10825 | D:7      | Reached skill level 12 in Axes
 10825 | D:7      | Reached XP level 10. HP: 48/88 MP: 10/10
 10935 | D:7      | XOM: give mutations
 10935 | D:7      | Gained mutation: You have a pair of small horns on your
                  | head. [Xom's mischief]
 10935 | D:7      | Gained mutation: Scrolls take you a little longer to read.
                  | [Xom's mischief]
 11069 | D:7      | XOM is BORED!
 11345 | D:8      | Found a broken altar of Ashenzari.
 11364 | D:8      | XOM: scenery: 3 fountains blood, 4 doors open
 11559 | D:8      | XOM: scenery: 1 doors open
 11566 | D:8      | Noticed a two-headed ogre
 11577 | D:8      | Killed a two-headed ogre
 11605 | D:8      | XOM: 3-stop teleportation journey
 11606 | D:8      | Noticed Psyche
 11612 | D:8      | Killed Psyche
 12097 | D:8      | Noticed Maurice
 12111 | D:8      | Killed Maurice
 12432 | D:8      | XOM: god gift: 8 datura-tipped darts
 12564 | D:9      | XOM: silly message
 12569 | D:9      | Reached skill level 13 in Axes
 12570 | D:9      | XOM: cast spell 'Olgreb's Toxic Radiance'
 12691 | D:9      | XOM: potion effect (invisibility)
 12945 | D:9      | Reached XP level 11. HP: 81/97 MP: 11/11
 13564 | D:9      | XOM: 5-stop teleportation journey
 13602 | D:9      | Found a radiant altar of Vehumet.
 13671 | D:9      | XOM: summons friendly crimson imp
 13756 | D:9      | XOM: 3-stop teleportation journey
 14034 | D:9      | XOM: scenery: summon butterflies
 14165 | D:9      | XOM is BORED!
 14172 | D:9      | Found a glowing silver altar of Zin.
 14230 | D:9      | Reached skill level 10 in Fighting
 14437 | D:10     | Entered Level 10 of the Dungeon
 14459 | D:9      | Reached skill level 14 in Axes
 14604 | D:10     | Noticed a two-headed ogre
 14606 | D:10     | XOM: destruction
 14609 | D:9      | XOM: god gift: 49 gold pieces
 14618 | D:9      | Killed a two-headed ogre
 15714 | D:10     | XOM: enchant monster (bad)
 15793 | D:10     | Found a runed translucent gate.
 15793 | D:10     | XOM: 9-stop teleportation journey
 15802 | D:10     | Identified the +0 robe of Xeucre {MP-9 Str+6}
 15847 | D:10     | XOM: give mutation
 15909 | D:10     | Found a runed translucent gate.
 15910 | D:10     | Found a runed translucent gate.
 15910 | D:10     | Noticed anet's ghost (journeyman GnWz)
 15925 | D:10     | XOM: cleaving
 15933 | D:10     | XOM: scenery: 1 doors close
 15937 | D:10     | XOM: give mutation
 15937 | D:10     | Gained mutation: You have a somewhat thin skeletal
                  | structure. (Dex +2, Stealth) [Xom's mischief]
 15941 | D:10     | XOM: fog
 15945 | D:10     | XOM: confusion
 15947 | D:10     | XOM: enchant monster (bad)
 15955 | D:10     | XOM: 6-stop teleportation journey
 16036 | D:10     | XOM: summons 3 hostile demons
 16041 | D:10     | XOM: confusion (+ monsters)
 16074 | D:10     | XOM: confusion
 16077 | D:10     | HP: 1/100 [anet's ghost (5)]
 16078 | D:10     | Succumbed to anet's ghost's poison

Illustrated notes

Levels and vault maps discovered:
D:1:      wander_arrival_desolate, layout_loops_cross
D:2:      layout_basic, lemuel_doored_altar, serial_curves, eino_curves_02,
          eino_curves_01, grunt_ministairs_1, minmay_domino_4,
          uniq_crazy_yiuf_cottage
D:3:      layout_basic, grunt_temple_overflow_open,
          nicolae_hepliaklqana_monster_ancestors, nicolae_tso_swordbearing_angel
D:4:      layout_rooms, minmay_temple_entry_poolview, kennysheep_donut
D:5:      minmay_bubble_buster, layout_loops_ring, kennysheep_okawaru_gauntlet,
          elyvilon_altar_4
D:6:      minmay_clustersquares, layout_loops_corners, general_overflow_altar,
          serial_shops, nicolae_shop_window_shopping, nicolae_shop_crystal,
          minivault_24
D:7:      wad_woods_stonehenge, layout_basic
D:8:      layout_basic, evilmike_ruin_ashenzari, uniq_psyche, uniq_maurice
D:9:      layout_basic, zin_treasury, nicolae_vehumet_radiance
D:10:     layout_loops_cross, gammafunk_ghost_necromancy

Skill      XL: |  1  2  3  4  5  6  7  8  9 10 11 |
---------------+----------------------------------+-----
Fighting       | 4 5 6 8 9 10 | 10.2
Axes           | 3 4 5 6 8 10 12 13 14 | 14.2
Armour         | 4 5 6 7 8 9 |  9.4
Shields        | 4 5 6 7 8 |  8.2
Dodging        | 1 2 |  2.1
Long Blades    | |  0.1
Stealth        | |  0.8

Action                   |  1- 3 |  4- 6 |  7- 9 | 10-12 || total
-------------------------+-------+-------+-------+-------++-------
Melee: War axe           |    67 |   136 |   292 |   285 ||   780
       Headbutt          |       |       |    28 |    46 ||    74
       Kick              |       |       |     8 |    74 ||    82
       Scimitar          |       |       |       |    36 ||    36
  Use: Scroll            |     3 |     2 |     2 |     4 ||    11
       Potion            |     2 |     3 |     8 |     5 ||    18
 Stab: Confused          |       |       |       |     1 ||     1
Armor: Scale mail        |    19 |    76 |    43 |       ||   138
       Plate armour      |       |       |    60 |   153 ||   213
Dodge: Dodged            |    18 |    65 |   125 |   136 ||   344
Block: Kite shield       |    35 |    74 |   152 |   216 ||   477
       Rpst.: Scimitar   |       |       |       |     1 ||     1

Table legend: (Time is in decaauts)
 A = Elapsed time spent in this place.
 B = Non-inter-level travel time spent in this place.
 C = Inter-level travel time spent in this place.
 D = Time resting spent in this place.
 E = Time spent auto-exploring this place.
 F = Levels seen in this place.
 G = Mean time per level.
                   A        B        C        D        E       F      G
               +--------+--------+--------+--------+--------+-----+--------+
         Total |  16267 |  15980 |    287 |   6163 |   4002 |  10 | 1626.7 |
       Dungeon |  16267 |  15980 |    287 |   6163 |   4002 |  10 | 1626.7 |
               +--------+--------+--------+--------+--------+-----+--------+

Top non-repeatable levels by time:
     D:7: 2600 daAuts
     D:9: 2504 daAuts
     D:5: 1860 daAuts
     D:8: 1676 daAuts
     D:2: 1621 daAuts
     D:6: 1593 daAuts
     D:3: 1326 daAuts
     D:4: 1294 daAuts
     D:1: 991 daAuts
    D:10: 799 daAuts
